 Dungeon Crawl Stone Soup version 0.18-a0-1-gfac8111 (webtiles) character file.

78 Duffy the Magician (level 4, 20/21 HPs)
             Began as a Spriggan Earth Elementalist on Oct 30, 2015.
             Quit the game on level 2 of the Dungeon.
             The game lasted 00:04:29 (2394 turns).

Duffy the Magician (Spriggan Earth Elementalist)    Turns: 2394, Time: 00:04:29

Health: 20/21      AC:  2    Str:  4    XL:     4   Next: 15%
Magic:  0/11       EV: 18    Int: 17    God:
Gold:   114        SH:  0    Dex: 16    Spells: 3 memorised, 4 levels left

rFire  . . .     SeeInvis +     a - 59 stones
rCold  . . .     Clarity  .     b - +0 robe
rNeg   . . .     SustAt   .     (shield restricted)
rPois  .         Gourm    .     (helmet restricted)
rElec  .         Spirit   .     (no cloak)
rCorr  .         Warding  .     (gloves unavailable)
rMut   .         Stasis   .     (boots unavailable)
MR     .....                    (no amulet)
Stlth  +++.......               (no ring)
                                (no ring)

@: very quick, not resistant to hostile enchantments, fairly stealthy
A: unfitting armour, see invisible, herbivore 3, speed 3, slow metabolism 2
a: no special abilities


You were on level 2 of the Dungeon.
You were not hungry.

You visited 1 branch of the dungeon, and saw 3 of its levels.

You collected 114 gold pieces.


Innate Abilities, Weirdness & Mutations

You are tiny and cannot use many weapons and most armour.
You have supernaturally acute eyesight.
You are a herbivore.
You cover ground extremely quickly.
You need consume almost no food.


   Skills:
 - Level 3.0 Dodging
 - Level 3.0 Stealth
 - Level 4.0 Spellcasting
 - Level 1.3 Transmutations
 + Level 3.9 Earth Magic


You had 4 spell levels left.
You knew the following spells:

 Your Spells              Type           Power        Failure   Level  Hunger
a - Sandblast             Erth           ###...       3%          1    None
c - Stone Arrow           Conj/Erth      ##....       24%         3    ###....
P - Passwall              Trmt/Erth      ##........   17%         3    ###....

Inventory:

Hand Weapons
 m - a +0 shortbow
Missiles
 a - 59 stones (in hand)
 f - 14 poisoned needles
 j - 47 sling bullets
 n - 3 tomahawks (quivered)
Armour
 b - a +0 robe (worn)
Wands
 o - a wand of flame (24)
Scrolls
 h - 2 scrolls of identify {unknown}
 i - a scroll of blinking {unknown}
 k - a scroll of random uselessness {unknown}
 p - a scroll of teleportation {unknown}
 q - a scroll of remove curse {unknown}
Potions
 e - 2 potions of curing {unknown}
 g - a potion of haste
Books
 c - a book of Geomancy
Comestibles
 d - a bread ration

Dungeon Overview and Level Annotations

Branches:
Dungeon (3/15)

Altars:

Annotations:
D:2 Ijyb
D:3 Grinder


Message History

Aiming: Sandblast
Press: ? - help, Shift-Dir - straight line, f/p - Ijyb
Aim: Ijyb, wearing a chain mail (moderately wounded)
The rocky blast hits Ijyb.
Ijyb is moderately wounded.
Ijyb misses you.
Cast which spell? (? or * to list)
Aiming: Sandblast
Press: ? - help, Shift-Dir - straight line, f/p - Ijyb
Aim: Ijyb, wearing a chain mail (moderately wounded)
The rocky blast hits Ijyb.
Ijyb is moderately wounded.
Ijyb screams, "Me stronger than you!" Ijyb misses you.
Cast which spell? (? or * to list)
Aiming: Sandblast
Press: ? - help, Shift-Dir - straight line, f/p - Ijyb
Aim: Ijyb, wearing a chain mail (moderately wounded)
The rocky blast hits Ijyb.
Ijyb is moderately wounded.
Ijyb barely misses you.
Cast which spell? (? or * to list)
Aiming: Sandblast
Press: ? - help, Shift-Dir - straight line, f/p - Ijyb
Aim: Ijyb, wearing a chain mail (moderately wounded)
The rocky blast hits Ijyb.
Ijyb is moderately wounded.
Ijyb completely misses you.
Cast which spell? (? or * to list)
You don't have enough magic to cast that spell.
Press: ? - help, v - describe, . - travel
Here: Ijyb, wearing a chain mail (moderately wounded)
The floor.
There is a stone staircase leading up here.
Are you sure you want to abandon this character and quit the game? (Confirm with "yes".)

##.........#.......#........
##........#.########..>....
#..##....#.#####......)...
######.......#...##.......
##................##....
#..###...##.#####.##.#.#
####.####.#....## #.#....#
#....#..........## #...#.##
#.####.g..@...#..#####..)##
#.###.<......>.#...###.....
###.##.............#...#....#
####...#..#........##..........#
#.....(..#################.....#
#...(##### #..........# #.<.>#
#..........# #....# #..........#
###### #..........#


You could see Ijyb.

Action                   |  1- 3 |  4- 6 || total
-------------------------+-------+-------++-------
 Fire: Shortbow          |     4 |     8 ||    12
 Cast: Sandblast         |    78 |    18 ||    96

Notes
Turn   | Place    | Note
--------------------------------------------------------------
     0 | D:1      | Duffy the Spriggan Earth Elementalist began the quest for the Orb.
     0 | D:1      | Reached XP level 1. HP: 9/9 MP: 5/5
   126 | D:1      | Reached skill level 3 in Spellcasting
   291 | D:1      | Reached XP level 2. HP: 11/13 MP: 2/7
   893 | D:1      | Reached skill level 3 in Earth Magic
  1211 | D:1      | Reached XP level 3. HP: 16/16 MP: 7/9
  1402 | D:1      | Reached skill level 4 in Spellcasting
  1441 | D:2      | Learned a level 3 spell: Passwall
  1445 | D:2      | Learned a level 3 spell: Stone Arrow
  1681 | D:2      | Noticed Jessica
  1687 | D:2      | Killed Jessica
  2220 | D:2      | Reached XP level 4. HP: 21/21 MP: 9/11
  2360 | D:3      | Noticed Ijyb
  2360 | D:3      | Noticed Grinder
  2394 | D:2      | Quit the game

Vault maps used:
D:1:      shiori_arrival_maze
D:2:      uniq_jessica
D:3:      kennysheep_big_flooded_room, lemuel_round_altar, ecumenical_altar_1,
          first_bread, uniq_crazy_yiuf_cottage, uniq_natasha, uniq_iyjb,
          uniq_grinder

Vanquished Creatures
  Jessica
  An adder
  A worm
  A giant gecko
  4 goblins
  3 hobgoblins
  4 jackals
  3 kobolds
  3 ball pythons
  7 bats
  5 giant newts
  8 rats
41 creatures vanquished.
